 Dungeon Crawl Stone Soup version 0.20-a0-1000-g0e8f6bb (webtiles) character file.

49 Monsterracer the Firebug (level 3, -2/19 HPs)
             Began as a Deep Elf Fire Elementalist on Apr 12, 2017.
             Killed by divine providence
             ... invoked by an orc priest
              (9 damage)
             ... on level 3 of the Dungeon.
             The game lasted 00:03:39 (1742 turns).

Monsterracer the Firebug (DEFE)                     Turns: 1742, Time: 00:03:40

Health: -2/19      AC:  1    Str:  5      XL:     3   Next: 51%
Magic:  6/9        EV: 13    Int: 21 (22) God:
Gold:   78         SH:  0    Dex: 13 (15) Spells: 4/8 levels left

rFire    . . .     SeeInvis .   d - +1 spear
rCold    . . .     Gourm    .   (no shield)
rNeg     . . .     Faith    .   a - +0 robe
rPois    .         Spirit   .   (no helmet)
rElec    .         Reflect  .   (no cloak)
rCorr    .         Harm     .   (no gloves)
MR       .....                  (no boots)
Stlth    ++........             (no amulet)
Regen    0.1/turn               f - +2 ring of intelligence
MPRegen  0.2/turn               (no ring)

@: no status effects
A: hooves 1, deformed body
a: no special abilities


You were on level 3 of the Dungeon.
You were not hungry.

You visited 1 branch of the dungeon, and saw 3 of its levels.

You collected 78 gold pieces.

Inventory:

Hand Weapons
 d - a +1 spear (weapon)
Armour
 a - a +0 robe (worn)
Jewellery
 f - a +2 ring of intelligence (left hand)
Scrolls
 e - a scroll of remove curse
 g - a scroll of noise {unknown}
Books
 b - a book of Flames

   Spells                             Type                      Level
   a - Flame Tongue                   Conjuration/Fire             1
   b - Throw Flame                    Conjuration/Fire             2
   c - Conjure Flame                  Conjuration/Fire             3
   d - Inner Flame                    Hexes/Fire                   3
   e - Sticky Flame                   Conjuration/Fire             4
   f - Fireball                       Conjuration/Fire             5
Comestibles
 c - 2 bread rations
 h - a royal jelly


   Skills:
 - Level 2.4 Dodging
 - Level 2.4 Stealth
 + Level 3.3 Spellcasting
 * Level 2.2 Conjurations
 * Level 4.3 Fire Magic


You had 4 spell levels left.
You knew the following spells:

 Your Spells              Type           Power        Failure   Level  Hunger
a - Flame Tongue          Conj/Fire      ###..        3%          1    None
b - Conjure Flame         Conj/Fire      ###.....     12%         3    ###....


Dungeon Overview and Level Annotations

Branches:
Dungeon (3/15)

Altars:
Elyvilon
Yredelemnul


Innate Abilities, Weirdness & Mutations

You have large cloven feet.
Armour fits poorly on your strangely shaped body.


Message History

Confirm with . or Enter, or press ? or * to list all spells.
Aiming: Flame Tongue
Press: ? - help, Shift-Dir - straight line, f - orc priest
Aim: an orc priest, wielding a dagger (hasn't noticed you)
The flame tongue hits the orc priest.
The orc priest is lightly wounded.
The orc priest shouts!
The orc wizard shouts!
The orc priest casts a cantrip, but nothing happens.
There is a stone staircase leading down here.
The orc priest miscasts a cantrip.
An orc comes into view. It is wielding a club.
The orc shouts!
A goblin comes into view. It is wielding a dagger.
The orc priest invokes the aid of Beogh against you.
Beogh smites you!
Ouch! That really hurt!
There is a stone staircase leading up here.
The orc priest mumbles some strange prayers to Beogh against you.
Beogh smites you!
You die...

#..†# ... ##
#...####.####
..
#..o.>oo..ooo
#.
#.o#####g####
#. #....g......
#. #...########
#.###.#####go.#
#.........oo..#
###...@.##....#
#.###.##....#
.. #.......# #
#.#.........
......#......
######.##.####
#.# .# #.. .#
####


You could see an orc priest, 2 orcs and a goblin (wandering).

Vanquished Creatures
  An adder (D:3)
  An ooze (D:1)
  A dart slug (D:3)
  An orc (D:3)
  4 bats
  A giant cockroach (D:1)
  2 hobgoblins (D:2)
  6 kobolds (D:1)
  2 quokkas
  3 frilled lizards
  7 goblins
  3 rats
32 creatures vanquished.

Notes
Turn   | Place    | Note
-------+----------+-------------------------------------------
     0 | D:1      | Monsterracer the Deep Elf Fire Elementalist began the quest for the Orb.
     0 | D:1      | Reached XP level 1. HP: 10/10 MP: 6/6
   200 | D:1      | Gained mutation: Armour fits poorly on your strangely shaped body. [potion of mutation]
   200 | D:1      | Gained mutation: You have large cloven feet. [potion of mutation]
   218 | D:1      | Reached XP level 2. HP: 15/15 MP: 4/8
  1007 | D:1      | Reached skill level 4 in Fire Magic
  1204 | D:2      | Found a white marble altar of Elyvilon.
  1258 | D:2      | Found a basalt altar of Yredelemnul.
  1363 | D:2      | Reached XP level 3. HP: 19/19 MP: 6/9
  1402 | D:2      | Learned a level 3 spell: Conjure Flame
  1742 | D:3      | Killed from afar by an orc priest

Vault maps used:
D:1:      nicolae_arrival_memento_mori
D:2:      kennysheep_ying_yang, first_bread
D:3:      lemuel_castle_with_subvaults

Skill      XL: |  1  2 |
---------------+-------+-----
Fire Magic     | 4 |  4.3
Conjurations   | 2 |  2.2
Dodging        | |  2.4
Stealth        | |  2.4
Spellcasting   | |  3.3

Action                   || total
-------------------------++-------
Melee: Spear             ||     7
 Cast: Flame Tongue      ||    51
       Conjure Flame     ||     1
  Use: Potion            ||     6
       Scroll            ||     2
 Stab: Sleeping          ||     1
  Eat: Chunk             ||     2
Armor: Robe              ||     5
Dodge: Dodged            ||    14
